 Dungeon Crawl Stone Soup version 0.26.1-11-gd32895ea62 (webtiles) character file.

Game seed: 5078780694106277062

33196 tygarin the Fighter (level 13, -3/123 HPs)
             Began as a Gargoyle Transmuter on July 24, 2021.
             Was the Champion of Makhleb.
             Slain by Kiokkeho's ghost (18 damage)
             ... on level 13 of the Dungeon on July 25, 2021.
             The game lasted 01:15:47 (16757 turns).

tygarin the Fighter (Gargoyle Transmuter)          Turns: 16757, Time: 01:15:48

Health: -3/123     AC: 28    Str: 15    XL:     13   Next: 69%
Magic:  25/25      EV: 15    Int: 19    God:    Makhleb [******]
Gold:   814        SH: 13    Dex: 14    Spells: 2/29 levels left

rFire    + . .     SeeInvis .   s - +9 demon whip (venom)
rCold    + + .     Faith    .   f - +2 buckler {rPois}
rNeg     + + .     Spirit   .   v - +5 ring mail {Will+}
rPois    ∞         Reflect  +   (helmet currently unavailable)
rElec    +         Harm     .   H - +2 cloak {rC+}
rCorr    .         Rampage  .   u - +2 pair of gloves
Will     +....                  (boots currently unavailable)
Stlth    ..........             L - amulet of the Priest {Reflect Int+5 SH+5}
HPRegen  0.30/turn              F - ring of wizardry
MPRegen  0.19/turn              E - ring of Modesty {rPois rF+ rC+ rN+ Stlth+}

@: berserking, appendages (expiring), studying Fighting, very quick
A: beak, hooves 1, horns 2, negative energy resistance 1, screaming 1,
electricity resistance, unbreathing, petrification resistance, miasma immunity,
subdued magic 1, AC +9
a: End Transformation, Renounce Religion, Minor Destruction, Lesser Servant of
Makhleb, Major Destruction, Greater Servant of Makhleb


You were on level 13 of the Dungeon.
You worshipped Makhleb.
Makhleb was exalted by your worship.
You had grown temporary horns.
You visited 1 branch of the dungeon, and saw 13 of its levels.
You also visited: Bailey, Gauntlet and Ice Cave.

You collected 814 gold pieces.

Inventory:

Hand Weapons
 q - a +2 demon whip of electrocution
 s - a +9 demon whip of venom (weapon)
 B - a +0 flail of holy wrath
 D - a +2 whip of flaming
Armour
 f - a +2 buckler of poison resistance (worn)
 i - a +0 pair of boots (melded)
 t - a +0 helmet of see invisible
 u - a +2 pair of gloves (worn)
 v - a +5 ring mail of willpower (worn)
 x - +2 steam dragon scales
 H - a +2 cloak of cold resistance (worn)
 N - a +0 troll leather armour
Jewellery
 c - an uncursed amulet of the acrobat
 j - a cursed ring of attention {unknown}
 y - an uncursed amulet of guardian spirit
 E - the ring of Modesty (right hand) {rPois rF+ rC+ rN+ Stlth+}
   (You found it on level 5 of the Dungeon)

   [ring of positive energy]

   It protects you from fire.
   It protects you from cold.
   It protects you from poison.
   It protects you from negative energy.
   It makes you more stealthy.
 F - a ring of wizardry (left hand)
 G - an uncursed ring of ice
 I - an uncursed ring of protection from fire
 L - the amulet of the Priest (around neck) {Reflect Int+5 SH+5}
   (You found it in a Gauntlet)

   [amulet of reflection]

   It shields you and reflects attacks.
   It affects your intelligence (+5).
   It affects your SH (+5).
 P - a +6 ring of strength {unknown}
 Q - an uncursed ring of protection from cold
 R - a cursed -4 ring of protection {unknown}
Wands
 h - a wand of disintegration (14)
 m - a wand of iceblast (41)
 K - a wand of digging (10)
 M - a wand of flame (9)
 O - a wand of random effects (10)
 S - a wand of enslavement (5)
Scrolls
 b - a scroll of magic mapping
 e - 15 scrolls of identify
 l - 4 scrolls of enchant armour
 o - 12 scrolls of remove curse
 r - 9 scrolls of teleportation
 C - 5 scrolls of fog
 J - 3 scrolls of amnesia
 V - a scroll of fear
Potions
 a - 2 potions of flight
 d - 2 potions of lignification
 g - a potion of might
 k - 2 potions of mutation
 n - 4 potions of degeneration
 p - 4 potions of brilliance
 w - a potion of resistance
 z - 6 potions of curing
Books
 T - a manual of Fighting
Miscellaneous
 A - a phantom mirror


   Skills:
 + Level 10.0 Fighting
 + Level 7.0 Maces & Flails
 + Level 9.8 Armour
 + Level 7.7 Dodging
 + Level 7.1 Shields
 - Level 3.0 Unarmed Combat
 + Level 8.5 Spellcasting
 - Level 6.9 Transmutations
 * Level 5.6 Ice Magic
 + Level 6.1 Invocations


You had 2 spell levels left.
You knew the following spells:

 Your Spells              Type           Power        Failure   Level
a - Beastly Appendage     Tmut           52%          1%          1
b - Wereblood             Tmut           26%          1%          2
c - Frozen Ramparts       Ice            44%          1%          3
d - Ignite Poison         Fire/Tmut/Pois 12%          6%          3
e - Metabolic Englaciati  Hex/Ice        7%           41%         5
f - Summon Ice Beast      Ice/Summ       14%          16%         4
g - Simulacrum            Ice/Necr       7%           92%         6
h - Spider Form           Tmut/Pois      8%           3%          3

Your spell library contained the following spells:

 Spells                   Type           Power        Failure   Level
 Freeze                   Ice            88%          1%          1
 Sting                    Tmut/Pois      64%          1%          1
 Poisonous Vapours        Pois/Air       12%          8%          2
 Ozocubu's Armour         Ice            22%          1%          3
 Ice Form                 Ice/Tmut       24%          4%          4
 Blade Hands              Tmut           13%          9%          5
 Petrify                  Tmut/Erth      16%          12%         4
 Confusing Touch          Hex            6%           16%         3
 Gell's Gravitas          Tloc           3%           16%         3
 Mephitic Cloud           Conj/Pois/Air  6%           16%         3
 Hailstorm                Conj/Ice       14%          16%         4
 Yara's Violent Unravell  Hex/Tmut       8%           32%         5
 Animate Dead             Necr           3%           45%         4
 Leda's Liquefaction      Hex/Erth       3%           45%         4
 Olgreb's Toxic Radiance  Pois           6%           45%         4
 Ozocubu's Refrigeration  Ice            11%          58%         6
 Bolt of Magma            Conj/Fire/Erth 3%           80%         5
 Borgnjor's Vile Clutch   Necr/Erth      3%           80%         5
 Freezing Cloud           Conj/Ice/Air   5%           98%         6
 Death Channel            Necr           3%           100%        6
 Iron Shot                Conj/Erth      3%           100%        6
 Chain Lightning          Conj/Air       3%           100%        8
 Lehudib's Crystal Spear  Conj/Erth      3%           100%        8
 Absolute Zero            Ice            11%          100%        9
 Fire Storm               Conj/Fire      3%           100%        9
 Shatter                  Erth           3%           100%        9
 Statue Form              Tmut/Erth      Unusable     N/A         6

Dungeon Overview and Level Annotations

Branches:
Dungeon (13/15)            Temple (0/1) D:5            Lair (0/6) D:11
    Orc (0/2) D:10         Bailey (visited)           IceCv (visited)
Gauntlet (visited)
 Vaults: D:13-14

Altars:
Ashenzari
Dithmenos
Elyvilon
Fedhas
Hepliaklqana
Kikubaaqudgha
Makhleb
Okawaru
Ru
Sif Muna
Trog
Uskayaw
Wu Jian
The Shining One

Shops:
D:4 }   D:8 (

Annotations:
D:12 exclusion: oklob plant
D:13 Kiokkeho's ghost, journeyman TrMo


Innate Abilities, Weirdness & Mutations

You are resistant to torment.
Your stone body is resilient. (AC +9)
You are immune to poison.
You resist negative energy. (rN+)
You are resistant to electric shocks. (rElec)
You can survive without breathing.
You are immune to petrification.
You are immune to miasma.
You have a beak for a mouth.
You have large cloven feet.
You have a pair of horns on your head.
You occasionally shout uncontrollably at your foes.
Your spells are a little easier to cast, but a little less powerful.


Message History

Kiokkeho's ghost is heavily damaged.
Your transformation is almost over.
Kiokkeho's ghost hits you but does no damage.
You hit Kiokkeho's ghost but do no damage.
Your kick misses Kiokkeho's ghost. Your headbutt misses Kiokkeho's ghost.
Kiokkeho's ghost is heavily damaged.
Your ynoxinul hits Kiokkeho's ghost but does no damage.
Kiokkeho's ghost says, "A storm is coming..."
Kiokkeho's ghost hits you but does no damage.
A demon appears!
Your ynoxinul misses Kiokkeho's ghost. Kiokkeho's ghost hits you!!
* * * LOW HITPOINT WARNING * * *
Your ynoxinul gestures.
A red film seems to cover your vision as you go berserk!
You feel yourself moving faster!
You feel mighty!
Your ufetubus hits Kiokkeho's ghost but does no damage. x2
You whack Kiokkeho's ghost! You kick Kiokkeho's ghost!
Kiokkeho's ghost is severely damaged.
Kiokkeho's ghost hits you!!
You die...

...........##########.......###..
...........###.#.####....(..†....
.(.........#≈#≈≈!≈.##...#+###....
...........##.§...#.#+#...###....
.>.........##..#58..#............
...........#.≈≈5.[≈##..........>#
.#.........####34######'####..#.#
.#............(5W................
..........###...@.............#+#
........^.# #.................<..
..........###................#...
..........#.+.....#.######'#.#...
..........#.#.......###....#.#...
..........#'#........##.####.#...
.....................##...##.#...
##......................#+##+##..
.......##....#+##................


You could see Kiokkeho's ghost, a friendly hellwing (summoned), a friendly
ynoxinul (summoned) and 3 friendly ufetubi.

Vanquished Creatures
  A minotaur (Gauntlet)
  2 boulder beetles
  A hydra (D:12)
  3 two-headed ogres
  A queen ant (Gauntlet)
  3 death yaks (D:11)
  An orc high priest (Bailey)
  2 death scarabs (Gauntlet)
  A sixfirhy (Gauntlet)
  An unseen horror (D:13)
  Pikel (D:5)
  A necromancer (IceCv)
  2 ugly things
  An ice statue (IceCv)
  Maggie (D:7)
  Psyche (D:11)
  10 freezing wraiths (IceCv)
  A kobold demonologist (Bailey)
  3 trolls
  2 wolf spider simulacra (IceCv)
  8 slime creatures (D:13)
  A spectral lindwurm (Gauntlet)
  A spectral dream sheep (Gauntlet)
  Sigmund (D:2)
  3 wraiths
  A vampire (D:13)
  21 yaks
  Grum (D:10)
  A death yak simulacrum (IceCv)
  A basilisk (D:13)
  Eustachio (D:4)
  Menkaure (D:5)
  A spectral komodo dragon (Gauntlet)
  Edmund (D:5)
  3 soldier ants (Gauntlet)
  A spectral cane toad (Gauntlet)
  2 acid dragons
  2 water moccasins
  18 orc warriors
  A black bear (D:9)
  A necrophage (D:11)
  4 phantoms
  5 sky beasts
  7 ice beasts
  2 wolves (D:10)
  4 ogres
  5 centaurs
  2 big kobolds
  4 bullfrogs
  2 wyvern zombies
  2 scorpions (D:5)
  20 wights
  5 howler monkeys
  A bullfrog zombie (D:7)
  5 electric eels (Bailey)
  2 centaur zombies
  5 hounds
  2 draconian simulacra (IceCv)
  5 orc priests
  5 bullfrog skeletons
  A quasit (D:11)
  6 centaur skeletons
  10 jellies
  Jessica (D:2)
  2 iguanas (D:8)
  9 orc wizards
  4 spriggan simulacra (IceCv)
  10 worker ants
  7 troll simulacra (IceCv)
  A polar bear simulacrum (IceCv)
  3 centaur simulacra (IceCv)
  A hound zombie (D:9)
  A worker ant zombie (D:6)
  Robin (D:4)
  4 gnolls (Bailey)
  3 naga simulacra (IceCv)
  An ogre simulacrum (IceCv)
  12 adders
  A shadow imp (D:5)
  13 white imps
  3 ufetubi
  14 oozes
  An adder zombie (D:5)
  2 adder skeletons
  A worm (D:3)
  A dart slug (D:3)
  5 leopard geckos
  58 orcs
  4 bats
  2 bat zombies (D:8)
  2 giant cockroaches (D:2)
  20 goblins
  15 hobgoblins
  15 jackals
  18 kobolds
  3 quokkas
  8 ball pythons
  4 frilled lizards
  4 rats
  3 rat zombies (D:8)
471 creatures vanquished.

Vanquished Creatures (collateral kills)
  2 yaks (D:13)
2 creatures vanquished.

Vanquished Creatures (others)
  2 orcs (Bailey)
  7 fungi (D:12)
  3 plants (D:3)
12 creatures vanquished.

Grand Total: 485 creatures vanquished

Notes
Turn   | Place    | Note
-------+----------+-------------------------------------------
     0 | D:1      | tygarin the Gargoyle Transmuter began the quest for the
                  | Orb.
     0 | D:1      | Reached XP level 1. HP: 12/12 MP: 3/3
   378 | D:1      | Reached XP level 2. HP: 16/16 MP: 3/5
   435 | D:1      | Learned a level 2 spell: Wereblood
   722 | D:1      | Reached skill level 1 in Armour
   784 | D:1      | Reached XP level 3. HP: 18/20 MP: 4/6
  1377 | D:2      | Noticed Jessica
  1428 | D:2      | Killed Jessica
  1429 | D:2      | Reached skill level 2 in Fighting
  1429 | D:2      | Reached XP level 4. HP: 26/26 MP: 5/7
  1631 | D:2      | Found a burning altar of Makhleb.
  1681 | D:2      | Became a worshipper of Makhleb the Destroyer
  1739 | D:2      | Noticed Sigmund
  1756 | D:2      | Killed Sigmund
  1757 | D:2      | Reached skill level 3 in Fighting
  1757 | D:2      | Reached XP level 5. HP: 23/32 MP: 7/9
  1757 | D:2      | Reached XP level 6. HP: 27/37 MP: 7/10
  3000 | D:4      | Noticed Eustachio
  3022 | D:4      | Killed Eustachio
  3023 | D:4      | Reached XP level 7. HP: 4/41 MP: 10/12
  3041 | D:4      | Gained mutation: You occasionally shout uncontrollably at
                  | your foes. [potion of mutation]
  3041 | D:4      | Gained mutation: You have a beak for a mouth. [potion of
                  | mutation]
  3041 | D:4      | Gained mutation: Your spells are a little easier to cast,
                  | but a little less powerful. [potion of mutation]
  3041 | D:4      | Gained mutation: You have large cloven feet. [potion of
                  | mutation]
  3049 | D:4      | Reached * piety under Makhleb
  3411 | D:4      | Noticed Robin
  3418 | D:4      | Killed Robin
  3897 | D:4      | Found a shimmering blue altar of Sif Muna.
  3975 | D:4      | Found Keiroy's Gadget Shoppe.
  4012 | D:4      | Reached skill level 4 in Fighting
  4663 | D:5      | Entered Level 5 of the Dungeon
  4734 | D:5      | Found a staircase to the Ecumenical Temple.
  4746 | D:5      | Noticed Edmund
  4758 | D:5      | Reached XP level 8. HP: 47/48 MP: 13/13
  4794 | D:5      | Killed Edmund
  5116 | D:5      | Noticed Menkaure
  5125 | D:5      | Killed Menkaure
  5179 | D:5      | Found an ornate altar of the Wu Jian Council.
  5224 | D:5      | Noticed Pikel
  5247 | D:5      | Killed Pikel
  5248 | D:5      | Reached skill level 5 in Fighting
  5248 | D:5      | Reached skill level 5 in Armour
  5266 | D:5      | Reached XP level 9. HP: 10/54 MP: 16/16
  5545 | D:5      | Reached skill level 5 in Spellcasting
  5673 | D:5      | Got a smoking wooden ring
  6143 | D:5      | Found a broken altar of Ashenzari.
  6212 | D:6      | Identified the ring of Modesty {rPois rF+ rC+ rN+ Stlth+}
                  | (You found it on level 5 of the Dungeon)
  6530 | D:7      | Learned a level 3 spell: Spider Form
  6620 | D:7      | Found a flagged portal.
  6629 | Bailey   | Entered a bailey
  6794 | Bailey   | Found an iron altar of Okawaru.
  6794 | Bailey   | Noticed a kobold demonologist
  6794 | Bailey   | Noticed an orc high priest
  6806 | Bailey   | Noticed a hellwing
  6807 | Bailey   | Reached skill level 6 in Fighting
  6807 | Bailey   | Noticed an ice devil
  6823 | Bailey   | Noticed an orange demon
  6830 | Bailey   | Noticed an orange demon
  6832 | Bailey   | Killed a kobold demonologist
  6833 | Bailey   | Reached skill level 1 in Maces & Flails
  6847 | Bailey   | Reached skill level 5 in Dodging
  6847 | Bailey   | Reached skill level 5 in Transmutations
  6864 | Bailey   | Killed an orc high priest
  6865 | Bailey   | Reached XP level 10. HP: 13/61 MP: 3/18
  6868 | Bailey   | Reached ** piety under Makhleb
  7567 | Bailey   | Got a bloodstained chain mail
  7597 | Bailey   | Identified the cursed +0 chain mail "Udiyth" {rF+} (You
                  | found it in a bailey)
  8095 | D:7      | Noticed Maggie
  8123 | D:7      | Killed Maggie
  8124 | D:7      | Reached skill level 7 in Fighting
  8124 | D:7      | Reached skill level 1 in Shields
  8277 | D:7      | Found a hide-covered altar of Uskayaw.
  8307 | D:7      | Found a blossoming altar of Fedhas.
  8330 | D:7      | Noticed a two-headed ogre
  8360 | D:7      | Killed a two-headed ogre
  8832 | D:8      | Reached *** piety under Makhleb
  8949 | D:8      | Acquired a +6 demon whip of venom
  8993 | D:8      | Found Keqotim's Weapon Boutique.
  9254 | D:8      | Found an iron altar of Okawaru.
  9352 | D:8      | Found an ancient bone altar of Kikubaaqudgha.
  9465 | D:6      | Found a blossoming altar of Fedhas.
  9694 | D:6      | Found a bloodstained altar of Trog.
  9800 | D:6      | Found a white marble altar of Elyvilon.
  9970 | D:9      | Found a shadowy altar of Dithmenos.
 10051 | D:9      | Reached XP level 11. HP: 67/67 MP: 21/21
 10313 | D:9      | Reached skill level 1 in Invocations
 10319 | D:9      | Found a glowing golden altar of the Shining One.
 10446 | D:9      | Found a sacrificial altar of Ru.
 10454 | D:9      | Reached **** piety under Makhleb
 10630 | D:9      | Found a hazy altar of Hepliaklqana.
 11045 | D:10     | Entered Level 10 of the Dungeon
 11061 | D:10     | Found a staircase to the Orcish Mines.
 11109 | D:10     | Acquired a +2 demon whip of electrocution
 11295 | D:10     | Noticed a boulder beetle
 11303 | D:10     | Killed a boulder beetle
 11361 | D:10     | Noticed a two-headed ogre
 11367 | D:10     | Killed a two-headed ogre
 11368 | D:10     | Reached skill level 8 in Fighting
 11561 | D:10     | Noticed Grum
 11635 | D:10     | Killed Grum
 11752 | D:10     | Reached ***** piety under Makhleb
 11865 | D:11     | Noticed a white ugly thing
 11935 | D:10     | Killed a white ugly thing
 12034 | D:11     | Found a frozen archway.
 12042 | IceCv    | Entered an ice cave
 12228 | IceCv    | Reached skill level 5 in Maces & Flails
 12642 | IceCv    | Reached XP level 12. HP: 75/75 MP: 21/23
 12749 | IceCv    | Found an ancient bone altar of Kikubaaqudgha.
 12769 | IceCv    | Reached skill level 5 in Shields
 13166 | IceCv    | Learned a level 3 spell: Frozen Ramparts
 13172 | IceCv    | Learned a level 5 spell: Metabolic Englaciation
 13177 | IceCv    | Learned a level 4 spell: Summon Ice Beast
 13184 | IceCv    | Learned a level 6 spell: Simulacrum
 13431 | D:11     | Noticed Psyche
 13439 | D:11     | Killed Psyche
 13440 | D:11     | Reached skill level 1 in Ice Magic
 13502 | D:11     | Noticed a boulder beetle
 13514 | D:11     | Killed a boulder beetle
 13548 | D:11     | Noticed a death yak
 13549 | D:11     | Found a staircase to the Lair.
 13550 | D:11     | Noticed a death yak
 13550 | D:11     | Noticed a death yak
 13566 | D:11     | Killed a death yak
 13567 | D:11     | Reached skill level 9 in Fighting
 13575 | D:11     | Killed a death yak
 13578 | D:11     | Killed a death yak
 13581 | D:11     | Reached ****** piety under Makhleb
 13840 | D:11     | Noticed a two-headed ogre
 13847 | D:11     | Killed a two-headed ogre
 13848 | D:11     | Reached skill level 5 in Invocations
 14488 | D:12     | Found a shadowy altar of Dithmenos.
 14575 | D:12     | Reached XP level 13. HP: 80/80 MP: 22/25
 15396 | D:13     | Found a gate leading to a gauntlet.
 15400 | Gauntlet | Entered a Gauntlet
 15400 | Gauntlet | Found a transporter.
 15409 | Gauntlet | Found a transporter.
 15424 | Gauntlet | Found a transporter.
 15429 | Gauntlet | Found a transporter.
 15446 | Gauntlet | Found a transporter.
 15464 | Gauntlet | Found a transporter.
 15476 | Gauntlet | Found a transporter.
 15484 | Gauntlet | Found a large runed translucent door.
 15485 | Gauntlet | Found a large runed translucent door.
 15486 | Gauntlet | Found a large runed translucent door.
 15486 | Gauntlet | Found a large runed translucent door.
 15487 | Gauntlet | Found a runed translucent gate.
 15488 | Gauntlet | Found a transporter.
 15488 | Gauntlet | Found a runed translucent gate.
 15488 | Gauntlet | Noticed an entropy weaver
 15489 | Gauntlet | Found a runed translucent gate.
 15492 | Gauntlet | Found a large runed translucent door.
 15492 | Gauntlet | Found a large runed translucent door.
 15492 | Gauntlet | Found a runed translucent door.
 15492 | Gauntlet | Found a runed translucent door.
 15493 | Gauntlet | Found a large runed translucent door.
 15494 | Gauntlet | Found a large runed translucent door.
 15496 | Gauntlet | Found a transporter.
 15496 | Gauntlet | Found a transporter.
 15501 | Gauntlet | Found a large runed translucent door.
 15501 | Gauntlet | Found a large runed translucent door.
 15502 | Gauntlet | Found a large runed translucent door.
 15503 | Gauntlet | Found a large runed translucent door.
 15511 | Gauntlet | Found a transporter.
 15521 | Gauntlet | Noticed an entropy weaver
 15523 | Gauntlet | Found a transporter.
 15529 | Gauntlet | Found a transporter.
 15529 | Gauntlet | Found a transporter.
 15568 | Gauntlet | Found a transporter.
 15595 | Gauntlet | Found a transporter.
 15595 | Gauntlet | Found a transporter.
 15641 | Gauntlet | Found a large runed translucent door.
 15642 | Gauntlet | Found a large runed translucent door.
 15653 | Gauntlet | Found a transporter.
 15690 | Gauntlet | Found a large runed translucent door.
 15691 | Gauntlet | Found a large runed translucent door.
 15836 | Gauntlet | Reached skill level 5 in Ice Magic
 15847 | Gauntlet | Got a smoking golden amulet
 15872 | Gauntlet | Identified the amulet of the Priest {Reflect Int+5 SH+5}
                  | (You found it in a Gauntlet)
 15913 | Gauntlet | Noticed a minotaur
 15930 | Gauntlet | Killed a minotaur
 16120 | D:13     | Learned a level 3 spell: Ignite Poison
 16208 | D:13     | Reached skill level 10 in Fighting
 16456 | D:13     | Found a large runed translucent door.
 16456 | D:13     | Found a large runed translucent door.
 16469 | D:13     | Noticed Kiokkeho's ghost (journeyman TrMo)
 16757 | D:13     | Slain by Kiokkeho's ghost

Illustrated notes

Levels and vault maps discovered:
D:1:      lightli_arrival_isolated_outpost, layout_basic, serial_forest,
          infiniplex_forest_lined_3_way, infiniplex_forest_straight_4,
          infiniplex_forest_clump_cross, infiniplex_forest_corner_2,
          infiniplex_forest_straight_4, infiniplex_forest_lined_2,
          infiniplex_forest_clump_large, infiniplex_forest_straight_2,
          infiniplex_forest_lined_ring, kennysheep_small_spiral
D:2:      layout_basic, makhleb_heckhound_becter, uniq_jessica, uniq_sigmund
D:3:      layout_loops_ring, minmay_shallow_snake_nest
D:4:      layout_basic, lemuel_coloured_pillars_altar, serial_shops,
          nicolae_shop_behind_doors, hangedman_abyss_or_decor_passed,
          uniq_eustachio, uniq_robin
D:5:      layout_basic, kennysheep_mini, kennysheep_mini_moat,
          minmay_temple_entry_grid, uniq_menkaure, uniq_pikel, uniq_edmund
D:6:      layout_rooms, lemuel_round_altar, lightli_temple_of_fire, basic_altar
D:7:      layout_cave_pools, eat_drink_and_be_merry_uskayaw,
          lemuel_doored_altar, enter_bailey_2, uniq_maggie
D:8:      layout_rooms, kennysheep_okawaru_gauntlet,
          lemuel_zombie_altar_kikubaaqudgha, serial_shops,
          nicolae_shop_waterfront
D:9:      layout_stronghold, lemuel_round_altar, nzn_hepliaklqana_mist_gate,
          nicolae_dithmenos_shadow_blocks, nicolae_ru_great_annihilating_truth
D:10:     layout_rooms, orc_0_dummy, st_stairs_6, uniq_grum
D:11:     layout_irregular_city, dpeg_lair_monsters,
          portal_ice_cave_entry_pillars_1, uniq_psyche
D:12:     lemuel_slime, layout_loops_ring, basic_altar
D:13:     layout_basic, ebering_ghost_disaster_area, gauntlet_entry_generic

Skill      XL: |  1  2  3  4  5  6  7  8  9 10 11 12 13 |
---------------+----------------------------------------+-----
Armour         | 1 2 3 4 5 6 7 8 9 |  9.8
Dodging        | 2 3 4 5 6 7 |  7.7
Transmutations | 2 3 4 5 6 |  6.9
Fighting       | 2 3 4 5 6 7 8 9 10 | 10.0
Spellcasting   | 3 4 5 6 7 8 |  8.5
Maces & Flails | 2 3 5 6 7 |  7.0
Shields        | 3 4 6 7 |  7.1
Invocations    | 3 5 6 |  6.1
Ice Magic      | 3 5 |  5.6
Unarmed Combat | |  3.0

Action                   |  1- 3 |  4- 6 |  7- 9 | 10-12 | 13-15 || total
-------------------------+-------+-------+-------+-------+-------++-------
Melee: Unarmed           |    79 |       |       |       |       ||    79
       Headbutt          |    13 |     7 |    17 |   115 |    26 ||   178
       Kick              |    17 |    14 |    22 |   155 |    41 ||   249
       Dagger            |    32 |   122 |   205 |   179 |       ||   538
       Punch             |       |     2 |     3 |       |       ||     5
       Peck              |       |       |    51 |   159 |    51 ||   261
       Flail             |       |       |    43 |       |       ||    43
       Dire flail        |       |       |    60 |    48 |       ||   108
       Whip              |       |       |       |    69 |       ||    69
       Demon whip        |       |       |       |   697 |   259 ||   956
 Cast: Beastly Appendage |    26 |    14 |    18 |    87 |    12 ||   157
       Wereblood         |       |       |     3 |    15 |     6 ||    24
       Frozen Ramparts   |       |       |       |     3 |     3 ||     6
       Ignite Poison     |       |       |       |       |     2 ||     2
Invok: Minor Destruction |       |       |       |     7 |     1 ||     8
       Lesser Servant of |       |       |       |       |     2 ||     2
       Major Destruction |       |       |       |       |     1 ||     1
Evoke: Wand              |       |       |     2 |       |       ||     2
  Use: Scroll            |       |     7 |     4 |    11 |     3 ||    25
       Potion            |       |     2 |     6 |     3 |     3 ||    14
 Stab: Paralysed         |       |       |       |     1 |       ||     1
       Sleeping          |       |       |       |     1 |       ||     1
       Distracted        |       |       |       |       |     1 ||     1
Armor: Robe              |     3 |       |       |       |       ||     3
       Leather armour    |    44 |    52 |    27 |       |       ||   123
       Ring mail         |       |       |   106 |   411 |   130 ||   647
       Skin              |       |       |    58 |       |       ||    58
Dodge: Dodged            |    71 |   120 |   174 |   580 |   138 ||  1083
Block: Buckler           |       |       |       |   279 |   115 ||   394
